 Dungeon Crawl Stone Soup version 0.31-a0-271-gb88eb75e06 (webtiles) character file.

Game seed: 7095572664576825303

49 spiderkeys the Shield-Bearer (level 3, -2/27 HPs)
             Began as a Demonspawn Wanderer on July 15, 2023.
             Slain by a gnoll
             ... wielding a +0 spear
              (5 damage)
             ... on level 2 of the Dungeon.
             The game lasted 00:02:33 (1411 turns).

spiderkeys the Shield-Bearer (Demonspawn Wanderer)  Turns: 1411, Time: 00:02:34

Health: -2/27      AC:  6    Str: 12    XL:     3   Next: 51%
Magic:  1/5        EV: 10    Int: 15    God:
Gold:   147        SH:  4    Dex: 12    Spells: 4/5 levels left

rFire   . . .        n - +1 short sword (venom)
rCold   . . .        d - +0 buckler {AC+3}
rNeg    . . .        f - +0 robe
rPois   .            (helmet restricted)
rElec   .            (no cloak)
rCorr   .            o - +0 pair of gloves
SInv    .            (no boots)
Will    .....        (no amulet)
Stlth   +            (no ring)
HPRegen 0.24/turn    (no ring)
MPRegen 0.09/turn

%: no passive effects
@: no status effects
A: horns 1, weakness stinger 1
a: no special abilities


You were on level 2 of the Dungeon.
You visited 1 branch of the dungeon, and saw 2 of its levels.

You collected 147 gold pieces.


Innate Abilities, Weirdness & Mutations

You have a pair of small horns on your head.
You have a small tail.


   Skills:
 + Level 1.6 Fighting
 - Level 0.8 Maces & Flails
 - Level 2.1 Armour
 + Level 0.0 Dodging
 + Level 2.9 Shields
 + Level 1.5 Spellcasting
 + Level 2.6 Necromancy
 - Level 1.0 Evocations


You had 4 spell levels left.
You knew the following spells:

 Your Spells              Type           Power      Damage    Failure   Level
X - Necrotise             Necr           36%        1d5       11%         1

Your spell library contained the following spells:

 Spells                   Type           Power      Damage    Failure   Level
 Vampiric Draining        Necr           9%         2d6       32%         3

Inventory:

Hand Weapons
 a - a +0 club
 n - a +1 short sword of venom (weapon)
   (You took it off a kobold on level 1 of the Dungeon)
Missiles
 g - 9 stones
 p - 7 poisoned darts
 s - 6 datura-tipped darts
Armour
 b - a +0 scale mail
 d - a +0 buckler of protection (worn)
 f - a +0 robe (worn)
   (You found it on level 1 of the Dungeon)
 h - a +0 robe
   (You found it on level 1 of the Dungeon)
 j - a +0 plate armour
   (You found it on level 1 of the Dungeon)
 l - a +0 scale mail
   (You found it on level 1 of the Dungeon)
 o - a +0 pair of gloves (worn)
   (You found it on level 1 of the Dungeon)
 q - a +0 plate armour
   (You took it off a kobold on level 2 of the Dungeon)
Scrolls
 c - a scroll of fog
 i - 2 scrolls of identify {unknown}
 m - a scroll of blinking {unknown}
 r - 2 scrolls of teleportation {unknown}
 t - a scroll of immolation {!r!r}
Potions
 e - a potion of curing {unknown}
 k - 2 potions of brilliance {unknown}
 u - a potion of lignification {unknown}

Dungeon Overview and Level Annotations

Branches:
Dungeon (2/15) Zot: 10549

Altars:

Shops:
D:1

=
.....~~...................
~~~~~~...........#........
≈≈~~≈..##.##..##..........
≈≈~≈~.~##.#..## #..###.###
..≈≈≈...#...## #....
_~~≈~......##### ###
~~≈≈~~~.?.......
≈≈≈≈≈....r.##### #
~~≈≈~...g@g# ≈~~~~.~.#.g.#
.....~.........
.....~..####(.## .#.####.#
.... .. #.# .... #. ...
...


You could see 3 gnolls and a quokka.


Message History

A rat comes into view.
The endoplasm freezes you.
You are frozen. 😕 HP[-2]
You take 2 damage, and now have 25/27 hp.
You barely miss the endoplasm.
You tail-slap the endoplasm, but do no damage.
The endoplasm hits you but does no damage.
You hit the endoplasm.
The endoplasm is poisoned.
The endoplasm closely misses you. 😕 HP[+1]
You hit the endoplasm.
You kill the endoplasm!
The rat writhes in agony.
You kill the rat!
The dead are walking! 😕 MP[-1]
You lost 1 mp, and now have 3/5 mp.
You see here a +0 mace.
r - 2 scrolls labelled JUTICV FAIRI (gained 1) Key pressed, stopping explore.
g - 9 stones (gained 7)
Your rat skeleton crumbles into dust!
t - a scroll of immolation {!r!r} 😎 HP[+1] MP[+2]
Your hp is fully restored (27).
Your mp is fully restored (5).
u - a black potion A frilled lizard and an endoplasm come into view.
There are monsters nearby!
There are monsters nearby!
The endoplasm quivers.
A gnoll comes into view. It is wielding a +0 spear.
Found a faded altar of an unknown god.
The gnoll shouts!
You hear a shout! x2
The endoplasm writhes in agony.
The frilled lizard hisses angrily.
A gnoll comes into view. It is wielding a +0 halberd. 😎 MP[-1]
You lost 1 mp, and now have 4/5 mp.
The endoplasm writhes in agony.
You kill the endoplasm!
A quokka comes into view. 😎 MP[-1]
You lost 1 mp, and now have 3/5 mp.
The frilled lizard writhes in agony.
You kill the frilled lizard!
The dead are walking! 😎 MP[-1]
You lost 1 mp, and now have 2/5 mp.
The gnoll struggles to resist. 😎 MP[-1]
You lost 1 mp, and now have 1/5 mp.
A gnoll comes into view. It is wielding a +0 club.
The gnoll shouts!
The gnoll barely misses you.
You barely miss the gnoll. The gnoll barely misses you.
The gnoll hits your frilled lizard skeleton with a +0 spear!
Your frilled lizard skeleton is destroyed!
The gnoll struggles to resist.
You block the gnoll's attack. The gnoll closely misses you. 😎 MP[-1]
You lost 1 mp, and now have 0/5 mp.
You are out of magic!
You closely miss the gnoll.
The quokka twitches its whiskers.
The quokka bites you but does no damage.
The gnoll hits you with a +0 spear. The gnoll barely misses you. 😕 HP[-3]
You take 3 damage, and now have 24/27 hp.
Unknown command.
You hit the gnoll.
The gnoll is poisoned.
The quokka completely misses you. The gnoll misses you.
The quokka bites you but does no damage.
The gnoll hits you with a +0 spear. The gnoll barely misses you.
You block the quokka's attack. 😕 HP[-2]
You take 2 damage, and now have 22/27 hp.
You barely miss the gnoll. The quokka bites you.
The gnoll hits you with a +0 spear. The gnoll barely misses you.
The gnoll hits you with a +0 halberd.
* * * LOW HITPOINT WARNING * * *
😨 HP[-12] MP[+1]
You take 12 damage, and now have 10/27 hp.
MASSIVE DAMAGE!! (PAUSE)
You barely miss the gnoll.
You tail-slap the gnoll, but do no damage.
The quokka bites you.
* * * LOW HITPOINT WARNING * * *
The gnoll hits you with a +0 spear.
* * * LOW HITPOINT WARNING * * *
The gnoll hits you with a +0 club.
* * * LOW HITPOINT WARNING * * *
The gnoll hits you but does no damage. 😱 HP[-7]
You take 7 damage, and now have 3/27 hp.
MASSIVE DAMAGE!! (PAUSE)
You hit the gnoll but do no damage. You headbutt the gnoll.
The quokka bites you but does no damage.
The gnoll hits you with a +0 spear.
You die...

Skill      XL: |  1  2 |
---------------+-------+-----
Armour         | 2 |  2.1
Fighting       | |  1.6
Maces & Flails | |  0.8
Shields        | |  2.9
Spellcasting   | |  1.5
Necromancy     | |  2.6
Evocations     | |  1.0

Action                     || total
---------------------------++-------
  Melee: Club              ||   100
         Headbutt          ||    14
         Short sword       ||    44
         Tailslap          ||     5
   Cast: Necrotise         ||     7
    Use: Scroll            ||     2
 Armour: Scale mail        ||    88
         Robe              ||     5
  Dodge: Dodged            ||    64
  Block: Buckler           ||    28

Levels and vault maps discovered:
D:1:      kennysheep_arrival_seaside, layout_loops_corners, serial_shops,
          shop_statue, st_stairs_4, minmay_crystal_water
D:2:      layout_rooms, chequers_ecumenical_altar_island

Notes
Turn   | Place    | Note
-------+----------+-------------------------------------------
     0 | D:1      | spiderkeys the Demonspawn Wanderer began the quest for the
                  | Orb.
     0 | D:1      | spiderkeys set off with the following items: a +0 club, a
                  | +0 scale mail, a scroll of fog, a +0 buckler of protection;
                  | and the following spell memorised: Necrotise; and the
                  | following spells available to memorise: Vampiric Draining.
     0 | D:1      | Reached XP level 1. HP: 15/15 MP: 2/2
     0 | D:1      | magus.rc [v1.11.3]
   310 | D:1      | You feel monstrous as your demonic heritage exerts itself.
   310 | D:1      | Discovered your monstrous ancestry.
   310 | D:1      | Gained mutation: You have a pair of small horns on your
                  | head. [demonic ancestry]
   310 | D:1      | Reached XP level 2. HP: 20/21 MP: 3/3
   329 | D:1      | Reached skill level 2 in Armour
   388 | D:1      | Found Xoast's Jewellery Boutique.
  1121 | D:2      | Gained mutation: You have a small tail. [demonic ancestry]
  1121 | D:2      | Reached XP level 3. HP: 23/26 MP: 5/5
  1398 | D:2      | Found a faded altar of an unknown god.
  1410 | D:2      | HP: 4/27 [gnoll/+0 spear (5)]
  1411 | D:2      | Slain by a gnoll

Vanquished Creatures
  A worm (D:2)
  3 bats (D:1)
  3 endoplasms (D:2)
  2 giant cockroaches (D:1)
  3 hobgoblins
  2 jackals (D:2)
  11 kobolds
  3 quokkas
  9 ball pythons
  2 frilled lizards (D:2)
  A goblin (D:1)
  4 rats
44 creatures vanquished.

Table legend:
 A = Non-vault XP
 B = Vault XP
 C = Vault XP percentage of total XP
 D = Non-vault monster count
 E = Vault monster count
 F = Vault count percentage of total count
                 A         B        C        D         E       F
            +---------+---------+-------+---------+---------+-------
      Total |      66 |       4 |   5.7 |      41 |       3 |   6.8
            +---------+---------+-------+---------+---------+-------
        D:1 |      34 |       4 |  10.5 |      22 |       3 |  12.0
        D:2 |      32 |       0 |   0.0 |      19 |       0 |   0.0
            +---------+---------+-------+---------+---------+-------

Skill      XL: |  1  2 |
---------------+-------+-----
Armour         | 2 |  2.1
Fighting       | |  1.6
Maces & Flails | |  0.8
Shields        | |  2.9
Spellcasting   | |  1.5
Necromancy     | |  2.6
Evocations     | |  1.0

Action                     || total
---------------------------++-------
  Melee: Club              ||   100
         Headbutt          ||    14
         Short sword       ||    44
         Tailslap          ||     5
   Cast: Necrotise         ||     7
    Use: Scroll            ||     2
 Armour: Scale mail        ||    88
         Robe              ||     5
  Dodge: Dodged            ||    64
  Block: Buckler           ||    28

Illustrated notes

Table legend:
 A = Kills in this place as a percentage of kills in the entire game.
 B = Kills by you in this place as a percentage of kills by you in the entire game.
 C = Kills by friends in this place as a percentage of kills by friends in the entire game.
 D = Other kills in this place as a percentage of other kills in the entire game.
 E = Experience gained in this place as a percentage of experience gained in the entire game.
 F = Experience gained in this place divided by the number of levels of this place that you have seen.
                   A       B       C       D       E      F
               +-------+-------+-------+-------+-------+----------------------
         Total | 100.0 | 100.0 |   N/A |   N/A | 100.0 |  35.0
       Dungeon | 100.0 | 100.0 |   N/A |   N/A | 100.0 |  35.0
               +-------+-------+-------+-------+-------+----------------------

Table legend: (Time is in decaauts)
 A = Elapsed time spent in this place.
 B = Non-inter-level travel time spent in this place.
 C = Inter-level travel time spent in this place.
 D = Time resting spent in this place.
 E = Time spent auto-exploring this place.
 F = Levels seen in this place.
 G = Mean time per level.
                   A        B        C        D        E       F      G
               +--------+--------+--------+--------+--------+-----+--------+
         Total |   1449 |   1387 |     62 |      0 |   1083 |   2 |  724.5 |
       Dungeon |   1449 |   1387 |     62 |      0 |   1083 |   2 |  724.5 |
               +--------+--------+--------+--------+--------+-----+--------+

Top non-repeatable levels by time:
     D:1: 1126 daAuts
     D:2: 323 daAuts
